 Dungeon Crawl Stone Soup version 0.31-a0-716-gc7603755dd (webtiles) character file.

Game seed: 7488214768867372317

3101 Conn the Sneak (level 9, -3/58 HPs)
             Began as an Octopode Fire Elementalist on Sept 10, 2023.
             Was a Believer of Sif Muna.
             Slain by a yak (18 damage)
             ... on level 8 of the Dungeon.
             The game lasted 00:28:44 (7572 turns).

Conn the Sneak (Octopode Fire Elementalist)         Turns: 7572, Time: 00:28:45

Health: -3/58      AC:  1    Str: 13    XL:     9   Next: 90%
Magic:  12/17      EV: 15    Int: 21    God:    Sif Muna [**....]
Gold:   421        SH:  0    Dex: 19    Spells: 9/19 levels left

rFire   . . .        b - +1 dagger (flame)
rCold   . . .        C - orb {*channel}
rNeg    . . .        (helmet restricted)
rPois   .            k - amulet of the acrobat
rElec   .            c - +6 ring of strength
rCorr   +            u - ring of willpower
SInv    .            y - +6 ring of dexterity
Will    +....        h - ring of resist corrosion
Stlth   +++++        (no ring)
HPRegen 0.29/turn    (no ring)
MPRegen 0.15/turn    (no ring)
                     (no ring)

%: acrobat, channel magic (20%)
@: channelling, hasted, very quick
A: almost no armour, amphibious, 8 rings, camouflage 1, gelatinous body 1,
(nimble swimmer 1), tentacles
a: Renounce Religion, Channel Magic


You were on level 8 of the Dungeon.
You worshipped Sif Muna.
Sif Muna was pleased with you.
You visited 2 branches of the dungeon, and saw 9 of its levels.

You collected 421 gold pieces.

Inventory:

Hand Weapons
 b - a +1 dagger of flaming (weapon)
 m - a +3 quarterstaff of chaos
Missiles
 g - 36 poisoned darts
 r - 4 throwing nets
 B - a curare-tipped dart (quivered)
Armour
 A - a +2 kite shield
 C - an orb of energy (worn)
Magical Staves
 f - a staff of poison
 s - a staff of air
Jewellery
 c - a +6 ring of strength (left tentacle)
 h - a ring of resist corrosion (on tentacle)
 k - an amulet of the acrobat (around mantle)
 u - a ring of willpower (right tentacle)
 y - a +6 ring of dexterity (on tentacle)
Wands
 e - a wand of flame (21)
 z - a wand of mindburst (10)
 F - a wand of digging (6)
Scrolls
 d - a scroll of torment
 j - 2 scrolls of teleportation
 l - a scroll of noise
 E - a scroll of identify
Potions
 a - 2 potions of magic
 i - 2 potions of haste
 n - 2 potions of curing
 o - 2 potions of enlightenment
 p - 2 potions of brilliance
 q - 2 potions of attraction
 t - 2 potions of heal wounds {unknown}
 v - a potion of degeneration {unknown}
 w - a potion of resistance {unknown}
 x - a potion of lignification {unknown}
 D - a potion of mutation {unknown}


   Skills:
 + Level 4.0 Fighting
 + Level 3.6 Short Blades
 + Level 4.3 Dodging
 + Level 6.4 Stealth
 * Level 2.3 Shields
 * Level 5.5 Spellcasting
 * Level 5.5 Conjurations
 - Level 3.0 Hexes
 * Level 5.8 Fire Magic
 + Level 2.8 Invocations


You had 9 spell levels left.
You knew the following spells:

 Your Spells              Type           Power      Damage    Failure   Level
a - Foxfire               Conj/Fire      100%       2x1d9     5%          1
b - Scorch                Fire           60%        2d7       6%          2
c - Inner Flame           Hex/Fire       24%        N/A       14%         3
d - Flame Wave            Conj/Fire      29%        2d9       24%         4

Your spell library contained the following spells:

 Spells                   Type           Power      Damage    Failure   Level
 Volatile Blastmotes      Fire/Tloc      36%        2d13      24%         3
 Sticky Flame             Conj/Fire      29%        2d5       24%         4
 Ignite Poison            Fire/Tmut/Pois 14%        N/A       32%         3
 Sublimation of Blood     Necr           5%         N/A       34%         2
 Irradiate                Conj/Tmut      8%         3d14      85%         5
 Petrify                  Tmut/Erth      5%         N/A       87%         4
 Ignition                 Fire           15%        3d6       100%        8


Dungeon Overview and Level Annotations

Branches:
Dungeon (8/15)             Temple (1/1) D:4
   Lair: D:8-11

Altars:
Ashenzari
Cheibriados
Dithmenos
Elyvilon
Fedhas
Gozag
Hepliaklqana
Makhleb
Okawaru
Qazlal
Ru
Sif Muna
Trog
Uskayaw
Vehumet
Wu Jian
Xom
Yredelemnul
Zin
The Shining One

Shops:
D:3 :   D:4 (   D:7 [

Annotations:
D:6 exclusion: statue
D:7 2 transporters, Conn's ghost, novice OpDe


Innate Abilities, Weirdness & Mutations

You cannot wear most types of armour.
You are amphibious.
You can wear up to eight rings at the same time.
Your skin changes colour to match your surroundings (Stealth+).
Your rubbery body absorbs attacks. (AC +1, EV +1)
((You are camouflaged when in or above water. (Stealth+)))
You have tentacles for arms and can constrict up to eight enemies at once.


Message History

The yak barely misses you.
Throw: 2 darts (curare)
Press: ? - help, Q - select action, (/) - cycle Shift-Dir - straight line, f/p - yak
Aim: a yak (heavily wounded, 71% to hit)
You throw a curare-tipped dart. The curare-tipped dart hits the yak.
The yak is poisoned.
The yak convulses.
The yak seems to slow down.
The yak is heavily wounded.
The yak barely misses you. The yak attacks as it pursues you!
The yak completely misses you.
Casting: Scorch (safe; 6% risk of failure)
Confirm with . or Enter, or press ? or * to list all spells.
Okay, then.
Unknown command.
You fail to use your ability.
You fail to use your ability.
The yak gores you! The yak gores you! x2
* * * LOW HITPOINT WARNING * * *
Unknown command.
Unknown command.
Unknown command.
Okay, then.
Unknown command.
Okay, then.
Unknown command.
Unknown command.
Casting: Scorch (safe; 6% risk of failure)
Confirm with . or Enter, or press ? or * to list all spells.
Okay, then.
Unknown command.
Okay, then.
Unknown command.
Unknown command.
Okay, then.
Unknown command.
Okay, then.
Okay, then.
Okay, then.
You feel yourself speed up. The yak gores you!!
You die...

...........# ....
...........#
..........##
........Y.#
..........######
...)...##(.##..###
......####...(...###
.....## ##....Y...#
....## ##.....Y@..#
##.## #......Y...#
### ##.....#####
#######


You could see 3 yaks.

Vanquished Creatures
  A two-headed ogre (D:8)
  3 yaks (D:8)
  2 black bears
  2 sky beasts (D:7)
  An ice beast (D:7)
  2 ogres
  2 centaurs
  2 kobold brigands
  2 bullfrogs
  2 gnoll sergeants
  A howler monkey (D:8)
  2 orc priests
  Crazy Yiuf (D:2)
  A hound (D:5)
  A jelly (D:7)
  A gnoll bouda (D:8)
  2 orc wizards
  3 iguanas
  2 sleepcaps
  29 gnolls
  9 adders
  5 shadow imps
  3 white imps (D:7)
  3 worms
  18 orcs
  3 bats (D:1)
  6 endoplasms
  3 giant cockroaches
  6 goblins
  2 hobgoblins
  16 kobolds
  3 quokkas
  3 training dummies (D:4)
  3 ball pythons
  3 frilled lizards (D:2)
  7 rats
155 creatures vanquished.

Vanquished Creatures (others)
  A hound (D:6)
  432 foxfires
433 creatures vanquished.

Grand Total: 588 creatures vanquished

Notes
Turn   | Place    | Note
-------+----------+-------------------------------------------
     0 | D:1      | Conn the Octopode Fire Elementalist began the quest for the
                  | Orb.
     0 | D:1      | Reached XP level 1. HP: 11/11 MP: 3/3
   206 | D:1      | Reached XP level 2. HP: 17/17 MP: 5/5
   251 | D:1      | Learned a level 2 spell: Scorch
   707 | D:2      | Reached skill level 3 in Stealth
   745 | D:2      | Reached XP level 3. HP: 22/22 MP: 2/6
   749 | D:2      | Learned a level 3 spell: Inner Flame
   926 | D:2      | You fall into a shaft and drop 1 floor!
   934 | D:3      | Reached skill level 1 in Fighting
   934 | D:3      | Reached XP level 4. HP: 28/28 MP: 2/7
  1276 | D:2      | Found a runed translucent door.
  1277 | D:2      | Noticed Crazy Yiuf
  1283 | D:2      | Killed Crazy Yiuf
  1284 | D:2      | Reached skill level 1 in Short Blades
  1439 | D:2      | Reached XP level 5. HP: 33/33 MP: 9/9
  1764 | D:3      | Found an ornate altar of the Wu Jian Council.
  1954 | D:3      | Found Byrefism's Book Emporium.
  2305 | D:4      | Found a staircase to the Ecumenical Temple.
  2314 | Temple   | Entered the Ecumenical Temple
  2331 | Temple   | Became a worshipper of Sif Muna the Loreminder
  2406 | D:4      | Found Jirizix's Firing Range.
  2503 | D:5      | Entered Level 5 of the Dungeon
  2600 | D:5      | Found a white marble altar of Elyvilon.
  2817 | D:5      | Reached XP level 6. HP: 38/38 MP: 5/10
  3127 | D:5      | Reached skill level 4 in Stealth
  3180 | D:5      | Reached skill level 1 in Hexes
  3480 | D:5      | Reached XP level 7. HP: 43/44 MP: 0/12
  3736 | D:5      | Learned a level 4 spell: Flame Wave
  3971 | D:6      | Found an opulent altar of Gozag.
  3972 | D:6      | Found a basalt altar of Yredelemnul.
  3972 | D:6      | Found a shadowy altar of Dithmenos.
  3973 | D:6      | Found a broken altar of Ashenzari.
  4127 | D:6      | Found a radiant altar of Vehumet.
  4239 | D:6      | Reached * piety under Sif Muna
  4622 | D:7      | Found Feufrill's Armour Shoppe.
  4624 | D:7      | Reached XP level 8. HP: 51/51 MP: 14/14
  4653 | D:7      | Reached skill level 1 in Invocations
  4656 | D:7      | Reached skill level 5 in Stealth
  5416 | D:7      | Reached ** piety under Sif Muna
  5753 | D:7      | Found a transporter.
  5757 | D:7      | Found a transporter.
  5764 | D:7      | Found a bloodstained altar of Trog.
  5771 | D:7      | Noticed a moth of wrath
  5773 | D:7      | Noticed a two-headed ogre
  5774 | D:7      | Noticed Conn's ghost (novice OpDe)
  5796 | D:7      | Found a bloodstained altar of Trog.
  6094 | D:8      | Reached skill level 5 in Fire Magic
  6100 | D:8      | Reached XP level 9. HP: 53/57 MP: 7/16
  6353 | D:8      | Found a burning altar of Makhleb.
  6483 | D:8      | Noticed a two-headed ogre
  6492 | D:8      | Killed a two-headed ogre
  6493 | D:8      | Reached skill level 6 in Stealth
  6493 | D:8      | Reached skill level 1 in Shields
  6493 | D:8      | Reached skill level 5 in Spellcasting
  6493 | D:8      | Reached skill level 5 in Conjurations
  7572 | D:8      | Slain by a yak

Illustrated notes

Levels and vault maps discovered:
D:1:      dpeg_arrival_lava_altar, layout_loops_ring, grunt_decor_resistance
D:2:      layout_rooms, uniq_crazy_yiuf_cottage
D:3:      layout_basic, nzn_wu_jian_contemplation, serial_shops,
          nicolae_shop_statue_plus, hangedman_decor_growths,
          chequers_serial_rivers_micro_a
D:4:      layout_rooms, minmay_temple_entry_grid, kennysheep_cross_room,
          skrybe_limestone_x, nicolae_shop_firing_range
D:5:      layout_gridville, elyvilon_altar_5
D:6:      layout_cave_pools, vehumet_statue,
          chequers_temple_overflow_statue_of_worship, kennysheep_big_empty_room
D:7:      layout_basic, trog_book, serial_shops, shop,
          gammafunk_ghost_wrathful_warriors, grunt_ministairs_14
D:8:      layout_cave_pods, bloody_makhleb
Temple:   nicolae_temple_bog_church

Skill      XL: |  1  2  3  4  5  6  7  8  9 |
---------------+----------------------------+-----
Stealth        | 3 4 5 6 |  6.4
Fighting       | 1 2 3 4 |  4.0
Conjurations   | 2 3 4 5 |  5.5
Short Blades   | 1 2 3 |  3.6
Spellcasting   | 3 4 5 |  5.5
Hexes          | 1 2 3 |  3.0
Dodging        | 3 4 |  4.3
Fire Magic     | 4 5 |  5.8
Invocations    | 2 |  2.8
Shields        | 2 |  2.3

Action                     |  1- 3 |  4- 6 |  7- 9 || total
---------------------------+-------+-------+-------++-------
  Melee: Dagger            |    28 |    33 |    18 ||    79
         Constrict         |     4 |     8 |     2 ||    14
         Tentacles         |     3 |     7 |     7 ||    17
  Throw: Dart              |       |     2 |     2 ||     4
   Cast: Foxfire           |    16 |    65 |   166 ||   247
         Scorch            |     2 |    14 |    42 ||    58
         Inner Flame       |       |     4 |     8 ||    12
 Invoke: Channel Magic     |       |       |     1 ||     1
  Evoke: Wand              |       |       |     1 ||     1
    Use: Scroll            |       |     6 |     2 ||     8
         Potion            |       |     3 |     4 ||     7
   Stab: Sleeping          |     7 |     9 |     4 ||    20
 Armour: Skin              |     6 |    10 |    27 ||    43
  Dodge: Dodged            |    18 |    27 |    44 ||    89

Table legend: (Time is in decaauts)
 A = Elapsed time spent in this place.
 B = Non-inter-level travel time spent in this place.
 C = Inter-level travel time spent in this place.
 D = Time resting spent in this place.
 E = Time spent auto-exploring this place.
 F = Levels seen in this place.
 G = Mean time per level.
                   A        B        C        D        E       F      G
               +--------+--------+--------+--------+--------+-----+--------+
         Total |   7552 |   7292 |    260 |    430 |   4912 |   9 |  839.1 |
       Dungeon |   7523 |   7263 |    260 |    430 |   4912 |   8 |  940.4 |
        Temple |     28 |     28 |      0 |      0 |      0 |   1 |   28.0 |
               +--------+--------+--------+--------+--------+-----+--------+

Top non-repeatable levels by time:
     D:7: 1348 daAuts
     D:5: 1223 daAuts
     D:6: 1205 daAuts
     D:3: 867 daAuts
     D:4: 811 daAuts
     D:8: 722 daAuts
     D:1: 704 daAuts
     D:2: 641 daAuts
  Temple: 28 daAuts
